 Dungeon Crawl Stone Soup version 0.26.1-10-gdfb7c7de75 (webtiles) character file.

Game seed: 8125411447774242426

23 Almogavar the Caller (level 2, -5/20 HPs)
             Began as a Gnoll Wanderer on Apr 1, 2021.
             Slain by a worm (9 damage)
             ... on level 2 of the Dungeon.
             The game lasted 00:03:41 (1875 turns).

Almogavar the Caller (Gnoll Wanderer)               Turns: 1875, Time: 00:03:42

Health: -5/20      AC:  5    Str: 14    XL:     2   Next: 95%
Magic:  5/5        EV: 11    Int: 16    God:
Gold:   6          SH:  0    Dex: 12    Spells: 5/6 levels left

rFire    . . .     SeeInvis .   a - +0 club
rCold    . . .     Faith    .   (no shield)
rNeg     . . .     Spirit   .   i - +0 ring mail
rPois    .         Reflect  .   (no helmet)
rElec    .         Harm     .   (no cloak)
rCorr    .         Rampage  .   (no gloves)
Will     .....                  (no boots)
Stlth    +.........             (no amulet)
HPRegen  0.06/turn              (no ring)
MPRegen  0.09/turn              (no ring)

@: no status effects
A: distributed training, fangs 1, strong nose
a: no special abilities


You were on level 2 of the Dungeon.
You visited 1 branch of the dungeon, and saw 2 of its levels.

You collected 6 gold pieces.

Inventory:

Hand Weapons
 a - a +0 club (weapon)
Missiles
 h - 46 stones (quivered)
Armour
 i - a +0 ring mail (worn)
Scrolls
 b - a scroll of teleportation
Potions
 c - a potion of ambrosia {unknown}
 d - 3 potions of might {unknown}
 e - a potion of invisibility {unknown}
 g - 2 potions of heal wounds
 j - 3 potions of curing {unknown}


   Skills:
 + Level 0.5 Fighting
 + Level 0.5 Short Blades
 + Level 0.5 Long Blades
 + Level 0.5 Axes
 + Level 0.5 Maces & Flails
 + Level 4.5 Polearms
 + Level 0.5 Staves
 + Level 0.5 Slings
 + Level 0.5 Bows
 + Level 0.5 Crossbows
 + Level 0.5 Throwing
 + Level 0.5 Armour
 + Level 2.5 Dodging
 + Level 0.5 Stealth
 + Level 2.5 Shields
 + Level 0.5 Unarmed Combat
 + Level 2.7 Spellcasting
 + Level 0.4 Conjurations
 + Level 0.4 Hexes
 + Level 5.4 Summonings
 + Level 0.4 Necromancy
 + Level 0.4 Translocations
 + Level 0.4 Transmutations
 + Level 0.4 Fire Magic
 + Level 2.0 Ice Magic
 + Level 0.4 Air Magic
 + Level 0.4 Earth Magic
 + Level 0.4 Poison Magic
 + Level 0.7 Invocations
 + Level 2.5 Evocations


You had 5 spell levels left.
You knew the following spells:

 Your Spells              Type           Power        Failure   Level
a - Freeze                Ice            32%          17%         1

Your spell library contained the following spells:

 Spells                   Type           Power        Failure   Level
 Summon Small Mammal      Summ           76%          4%          1
 Call Imp                 Summ           19%          6%          2
 Call Canine Familiar     Summ           19%          13%         3
 Summon Guardian Golem    Hex/Summ       11%          34%         3
 Ozocubu's Armour         Ice            8%           45%         3
 Summon Ice Beast         Ice/Summ       14%          63%         4
 Summon Lightning Spire   Summ/Air       11%          75%         4


Dungeon Overview and Level Annotations

Branches:
Dungeon (2/15)

Altars:


Innate Abilities, Weirdness & Mutations

Your experience applies equally to all skills.
You have very sharp teeth.
Your uncanny sense of smell can sniff out nearby items.


Message History

You are too injured to fight recklessly!
You are too injured to fight recklessly!
You are too injured to fight recklessly!
You are too injured to fight recklessly!
You hit the worm but do no damage. You bite the worm.
The worm is moderately wounded.
The worm bites you but does no damage.
You hit the worm.
The worm is heavily wounded.
The worm misses you.
You hit the worm but do no damage.
The worm is heavily wounded.
You hit the worm.
The worm is severely wounded.
The worm bites you.
* * * LOW HITPOINT WARNING * * *
You hit the worm.
The worm is almost dead.
The worm bites you!
You die...

>..... .....# #.# ......
#.#.#######.### ?.....
.........w...#
......#######.####w##.#.#
...................##.#.#
#............(####.##.#.#
##........(.........#.#
#...)....w..####.####.#
#..#.....@..# #.# #.# #..
#........# #.# #.# .
#.###<.#.# #.# #.#
......).......... ..#
..........#.####.# ..#
#..######.#...∆... #..
#.######.# #. ### ∆


You could see a worm.

Vanquished Creatures
  A dart slug (D:1)
  A ball python (D:2)
  2 bats (D:2)
  A giant cockroach (D:1)
  4 goblins
  3 jackals (D:1)
  5 kobolds
  A rat (D:1)
18 creatures vanquished.

Notes
Turn   | Place    | Note
-------+----------+-------------------------------------------
     0 | D:1      | Almogavar the Gnoll Wanderer began the quest for the Orb.
     0 | D:1      | Almogavar set off with the following items: a +0 club, a
                  | scroll of teleportation, a +0 robe; and the following
                  | spells available to memorise: Summon Small Mammal, Call
                  | Imp, Call Canine Familiar, Freeze, Summon Guardian Golem,
                  | Ozocubu's Armour, Summon Ice Beast, Summon Lightning Spire
     0 | D:1      | Reached XP level 1. HP: 13/13 MP: 4/4
   676 | D:1      | Reached XP level 2. HP: 3/19 MP: 5/5
  1542 | D:2      | HP: 1/20 [worm (7)]
  1860 | D:2      | Learned a level 1 spell: Freeze
  1875 | D:2      | Slain by a worm

Illustrated notes

Levels and vault maps discovered:
D:1:      dpeg_arrival_fog, layout_rooms
D:2:      layout_basic, nicolae_qazlal_general_emergency

Skill      XL: |  1 |
---------------+----+-----
Ice Magic      | 2 |  2.0
Fighting       | |  0.5
Short Blades   | |  0.5
Long Blades    | |  0.5
Axes           | |  0.5
Maces & Flails | |  0.5
Polearms       | |  4.5
Staves         | |  0.5
Slings         | |  0.5
Bows           | |  0.5
Crossbows      | |  0.5
Throwing       | |  0.5
Armour         | |  0.5
Dodging        | |  2.5
Stealth        | |  0.5
Shields        | |  2.5
Unarmed Combat | |  0.5
Spellcasting   | |  2.7
Conjurations   | |  0.4
Hexes          | |  0.4
Summonings     | |  5.4
Necromancy     | |  0.4
Translocations | |  0.4
Transmutations | |  0.4
Fire Magic     | |  0.4
Air Magic      | |  0.4
Earth Magic    | |  0.4
Poison Magic   | |  0.4
Invocations    | |  0.7
Evocations     | |  2.5

Action                   || total
-------------------------++-------
Melee: Club              ||    84
       Bite              ||    10
Throw: Stone             ||     6
  Use: Scroll            ||     3
Armor: Robe              ||     5
       Ring mail         ||    14
Dodge: Dodged            ||    58
